 Dungeon Crawl Stone Soup version 0.30.1-11-g7821555f0a (webtiles) character file.

Game seed: 15708293050201307025

19237 Elmgren the Fighter (level 12, -6/84 HPs)
             Began as a Gargoyle Fighter on Dec 8, 2023.
             Was a Priest of Trog.
             Mangled by a cane toad (14 damage)
             ... on level 1 of the Lair of Beasts.
             The game lasted 00:22:27 (12949 turns).

Elmgren the Fighter (Gargoyle Fighter)             Turns: 12949, Time: 00:22:27

Health: -6/84      AC: 28    Str: 28    XL:     12   Next: 66%
Magic:  12/12      EV:  7    Int: 10    God:    Trog [***...]
Gold:   553        SH:  6    Dex: 15    Spells: 11/11 levels left

rFire   + . .        G - +4 eveningstar
rCold   x . .        c - +0 buckler
rNeg    + . .        h - +1 plate armour
rPois   ∞            A - +2 hat
rElec   +            g - +0 cloak
rCorr   .            (no gloves)
SInv    .            a - +0 pair of boots
Will    .....        B - amulet "Kahuewil" {-Tele Harm Drain Regen+ Stlth+} Stlth
                     v - +6 ring of dexterity
HPRegen 1.14/turn    t - ring "Ipopheck" {Fire Str+6}
MPRegen 0.13/turn

%: no teleportation, harm (+30% outgoing, +20% incoming)
@: no status effects
A: sickness immunity, AC +8, negative energy resistance 1, electricity
resistance, torment resistance 1, petrification resistance, weak 1
a: Renounce Religion, Berserk, Trog's Hand


You were on level 1 of the Lair of Beasts.
You worshipped Trog.
Trog was most pleased with you.
You visited 2 branches of the dungeon, and saw 11 of its levels.

You collected 553 gold pieces.

Inventory:

Hand Weapons
 r - a +3 flail of holy wrath
 G - a +4 eveningstar (weapon)
Missiles
 w - 2 throwing nets (quivered)
Armour
 a - a +0 pair of boots (worn)
 c - a +0 buckler (worn)
 g - a +0 cloak (worn)
 h - a +1 plate armour (worn)
 A - a +2 hat (worn)
Magical Staves
 j - a staff of poison
 m - a staff of fire
Jewellery
 t - the ring "Ipopheck" (right hand) {Fire Str+6}
   (You found it on level 5 of the Dungeon)

   [ring of fire]

   It enhances your fire magic.
   Str:       It affects your strength (+6).
   rF:        It protects you from fire.
   rC:        It makes you vulnerable to cold.
 v - a +6 ring of dexterity (left hand)
 B - the amulet "Kahuewil" (around neck) {-Tele Harm Drain Regen+ Stlth+}
   (You found it on level 10 of the Dungeon)

   [amulet of regeneration]

   -Tele:     It prevents most forms of teleportation.
   Regen:     It increases your rate of health regeneration.
   Drain:     It drains your maximum health when unequipped.
   Harm:      It increases damage dealt and taken.
   Stlth:     It makes you more stealthy.
 K - an amulet of faith
Wands
 q - a wand of polymorph (8)
 s - a wand of flame (15)
 x - a wand of mindburst (11)
 F - a wand of quicksilver (5)
 L - a wand of charming (7)
Scrolls
 e - 5 scrolls of identify
 l - a scroll of fear
 p - 2 scrolls of blinking
 u - 7 scrolls of teleportation
 y - a scroll of poison
 D - a scroll of brand weapon {unknown}
 H - a scroll of enchant weapon
 J - a scroll of silence
Potions
 b - 3 potions of heal wounds
 d - 3 potions of might
 f - 2 potions of degeneration
 i - 3 potions of attraction
 k - 3 potions of resistance
 n - a potion of lignification
 o - 3 potions of curing
 z - a potion of berserk rage
 C - 2 potions of haste
 E - a potion of mutation
 I - a potion of brilliance {unknown}
 M - 2 potions of invisibility {unknown}


   Skills:
 + Level 13.8 Fighting
 + Level 12.5 Maces & Flails
 + Level 9.2 Armour
 + Level 9.2 Shields


You had 11 spell levels left.
You didn't know any spells.
Your spell library contained the following spells:

 Spells                   Type           Power      Damage    Failure   Level
 Foxfire                  Conj/Fire      0%         2x1d4     98%         1
 Stone Arrow              Conj/Erth      0%         3d7       100%        3
 Orb of Destruction       Conj           0%         9d5       100%        7


Dungeon Overview and Level Annotations

Branches:
Dungeon (10/15) Zot: 24764  Temple (0/1) D:6            Lair (1/5) D:10 Zot: 5481
    Orc: D:9-12

Altars:
Ashenzari
Cheibriados
Fedhas
Gozag
Hepliaklqana
Makhleb
Okawaru
Trog
Uskayaw
Yredelemnul

Shops:
D:8 ((:

Portals:
Volcano: Lair:1

Annotations:
Lair:1 2 transporters


Innate Abilities, Weirdness & Mutations

You are immune to sickness and miasma.
Your stone body is resilient. (AC +8)
You are immune to poison.
You resist negative energy. (rN+)
You are resistant to electric shocks. (rElec)
You are resistant to unholy torment.
You are immune to petrification.
You are weak. (Str -2)


Message History

A komodo dragon comes into view.
A cane toad comes into view.
The cane toad gives a loud, deep croak!
You block the komodo dragon's attack.
The cane toad stings you but does no damage.
You puncture the cane toad! The cane toad stings you!
You block the komodo dragon's attack.
You take 18 damage, and have 66/84 hp.
MASSIVE DAMAGE!!
You sock the cane toad! The cane toad stings you!
You block the komodo dragon's attack. The cane toad barely misses you.
You take 12 damage, and have 54/84 hp.
You closely miss the cane toad. The cane toad stings you!
* * * LOW HITPOINT WARNING * * *
The cane toad barely misses you.
The cane toad stings you but does no damage.
You barely miss the cane toad. The cane toad stings you.
* * * LOW HITPOINT WARNING * * *
The komodo dragon bites you but does no damage.
The cane toad stings you.
* * * LOW HITPOINT WARNING * * *
The cane toad stings you but does no damage.
You sock the cane toad!
You kill the cane toad!
Trog accepts your kill.
The cane toad stings you but does no damage.
The komodo dragon bites you but does no damage.
The cane toad stings you but does no damage.
You barely miss the komodo dragon. The cane toad barely misses you.
You block the komodo dragon's attack.
The komodo dragon bites you but does no damage.
The cane toad barely misses you. The cane toad stings you!
* * * LOW HITPOINT WARNING * * *
You are too injured to fight recklessly!
You take 33 damage, and have 21/84 hp.
MASSIVE DAMAGE!!
The komodo dragon attacks as you move away!
The komodo dragon bites you!
* * * LOW HITPOINT WARNING * * *
The komodo dragon attacks as you move away!
The komodo dragon bites you but does no damage.
The cane toad stings you!
You die...

#.. #....#.....### #..
#...##.....##. #....
#...##.....###
###.#.+##...P########.
...#......÷######.##. .
#.#..............##. ...
#..l..............##
....#.FFl...†.........##
.......@.............†.#
.......................#
...##..#........###.##.. #....
#...#......#######.#
......#...##......#........
#.....##.. #......##.......
##.....##.. #......##......#
#......#### #......##......#
###P.....##.###......####.####


You could see 2 komodo dragons and 2 cane toads.

Vanquished Creatures
  A boulder beetle (D:10)
  3 death yaks
  Urug (D:10)
  A sun demon (D:9)
  Pikel (D:5)
  Joseph (D:7)
  A black mamba (Lair:1)
  A gargoyle (D:10)
  3 cane toads (Lair:1)
  A rime drake (Lair:1)
  2 unseen horror zombies (D:8)
  2 komodo dragons (D:10)
  2 polar bears (D:8)
  A hornet (D:9)
  6 trolls
  Grinder (D:4)
  A hellwing (D:9)
  5 slime creatures (D:10)
  2 shadows
  20 yaks
  5 wyverns
  A basilisk (Lair:1)
  3 fire bats (Lair:1)
  2 neqoxecs (D:9)
  A steam dragon (D:8)
  Edmund (D:3)
  An acid dragon (D:7)
  7 water moccasins
  A hornet zombie (D:8)
  2 orc warriors
  2 black bears
  2 centaurs
  2 kobold brigands
  3 phantoms
  Blork the orc (D:5)
  7 bullfrogs
  A gnoll sergeant (D:7)
  A wyvern zombie (D:8)
  2 scorpions
  An electric eel (Lair:1)
  10 howler monkeys
  3 centaur zombies (D:8)
  A quasit (D:9)
  3 orc priests
  A gnoll bouda (D:9)
  A jelly (D:5)
  4 hounds
  An iguana (D:4)
  A sleepcap (D:6)
  11 orc wizards
  2 killer bee zombies (D:8)
  A mummy (D:6)
  15 gnolls
  5 adders
  A shadow imp (D:6)
  4 white imps
  A howler monkey simulacrum (D:8)
  2 ufetubi
  3 worms
  4 dart slugs
  35 orcs
  2 ball pythons
  4 endoplasms
  7 giant cockroaches
  5 goblins
  7 hobgoblins
  2 jackals (D:2)
  18 kobolds
  2 quokkas
  7 bats
  4 frilled lizards
  6 rats
275 creatures vanquished.

Notes
Turn   | Place    | Note
-------+----------+-------------------------------------------
     0 | D:1      | Elmgren the Gargoyle Fighter began the quest for the Orb.
     0 | D:1      | Reached XP level 1. HP: 14/14 MP: 1/1
   150 | D:1      | Reached XP level 2. HP: 19/19 MP: 2/2
   719 | D:1      | Reached XP level 3. HP: 23/24 MP: 3/3
   897 | D:1      | Found a faded altar of an unknown god.
   899 | D:1      | Reached skill level 4 in Fighting
  1280 | D:2      | Found the +3 giant club "Skullcrusher" {speed, Str+7}
  1416 | D:2      | Reached XP level 4. HP: 10/30 MP: 4/4
  1827 | D:2      | Got the Annotations on the Missiles
  2390 | D:3      | Reached XP level 5. HP: 34/34 MP: 5/5
  2602 | D:3      | Found a burning altar of Makhleb.
  2771 | D:3      | Reached skill level 5 in Fighting
  3093 | D:4      | Noticed a phantom
  3122 | D:4      | Killed a phantom
  3123 | D:4      | Reached XP level 6. HP: 27/41 MP: 6/6
  3322 | D:4      | Reached skill level 6 in Fighting
  3386 | D:4      | Noticed Grinder
  3404 | D:4      | Reached skill level 5 in Maces & Flails
  3411 | D:4      | Paralysed by Grinder for 4 turns
  3433 | D:4      | Killed Grinder
  3434 | D:4      | Reached XP level 7. HP: 36/47 MP: 7/7
  3509 | D:4      | Found a sand-covered staircase.
  3572 | D:4      | Noticed a moth of wrath
  3575 | D:4      | Noticed Edmund
  3576 | D:4      | Found a bloodstained altar of Trog.
  3889 | D:3      | Killed Edmund
  3890 | D:3      | Reached skill level 7 in Fighting
  3947 | D:4      | Became a worshipper of Trog the Wrathful
  4010 | D:5      | Entered Level 5 of the Dungeon
  4078 | D:5      | Found a blossoming altar of Fedhas.
  4260 | D:5      | Found a hazy altar of Hepliaklqana.
  4260 | D:5      | Noticed Blork the orc
  4266 | D:5      | Killed Blork the orc
  4267 | D:5      | Reached XP level 8. HP: 48/53 MP: 8/8
  4295 | D:5      | Noticed Pikel
  4341 | D:5      | Killed Pikel
  4342 | D:5      | Reached skill level 8 in Fighting
  4639 | D:5      | Reached skill level 9 in Fighting
  4685 | D:5      | Identified the ring "Ipopheck" {Fire Str+6}
  4810 | D:5      | Found an iron altar of Okawaru.
  5119 | D:6      | Reached XP level 9. HP: 59/60 MP: 9/9
  5280 | D:6      | Found a broken altar of Ashenzari.
  5382 | D:6      | Found a staircase to the Ecumenical Temple.
  5519 | D:6      | Found a snail-covered altar of Cheibriados.
  5746 | D:7      | Reached * piety under Trog
  5784 | D:7      | Reached skill level 10 in Fighting
  6078 | D:7      | Noticed Joseph
  6221 | D:7      | Killed Joseph
  6871 | D:7      | Reached skill level 11 in Fighting
  6965 | D:7      | Reached skill level 10 in Maces & Flails
  6965 | D:7      | Reached XP level 10. HP: 28/69 MP: 10/10
  7984 | D:8      | Found a basalt altar of Yredelemnul.
  8380 | D:8      | Found Dashreb's Weapon Shoppe.
  8388 | D:8      | Reached ** piety under Trog
  8482 | D:8      | Found Imeah's Tiny Tomes.
  8518 | D:8      | Reached skill level 5 in Armour
  8518 | D:8      | Reached skill level 5 in Shields
  8634 | D:8      | Found Vofer's Antique Weapon Boutique.
  9068 | D:9      | Reached skill level 12 in Fighting
  9091 | D:9      | Reached XP level 11. HP: 57/76 MP: 11/11
  9412 | D:9      | Gained mutation: You are weak. (Str -2) [a neqoxec]
  9490 | D:9      | Noticed a sun demon
  9498 | D:9      | Killed a sun demon
 10256 | D:10     | Entered Level 10 of the Dungeon
 10539 | D:10     | Found an opulent altar of Gozag.
 11013 | D:10     | Noticed a death yak
 11020 | D:10     | Noticed Urug
 11021 | D:10     | Noticed a death yak
 11026 | D:10     | Noticed a boulder beetle
 11029 | D:10     | HP: 3/77 [death yak (12)]
 11203 | D:9      | Killed a death yak
 11204 | D:9      | Reached skill level 13 in Fighting
 11272 | D:9      | Killed a death yak
 11279 | D:9      | Reached XP level 12. HP: 84/84 MP: 12/12
 11350 | D:10     | Found a staircase to the Lair.
 11367 | D:10     | Identified the amulet "Kahuewil" {-Tele Harm Drain Regen+
                  | Stlth+}
 11389 | D:10     | Killed Urug
 11440 | D:10     | Noticed a death yak
 11530 | D:10     | Killed a death yak
 12013 | D:10     | Found a hide-covered altar of Uskayaw.
 12266 | D:10     | Killed a boulder beetle
 12438 | Lair:1   | Entered Level 1 of the Lair of Beasts
 12478 | Lair:1   | Found a transporter.
 12479 | Lair:1   | Found a transporter.
 12479 | Lair:1   | Noticed a boulder beetle
 12479 | Lair:1   | Noticed a boulder beetle
 12492 | Lair:1   | Reached *** piety under Trog
 12885 | Lair:1   | Found a dark tunnel.
 12949 | Lair:1   | Mangled by a cane toad

Illustrated notes

Levels and vault maps discovered:
D:1:      dpeg_arrival_connections, layout_basic,
          dreamdust_ecumenical_altar_hidden_monk_grotto, minmay_distorted
D:2:      layout_basic, fountainhead
D:3:      layout_loops_cross, overflow_temple_1_default
D:4:      layout_rooms, tgw_trog, gammafunk_temple_overflow_wave,
          nicolae_ossuary_entry_monument, uniq_grinder, uniq_edmund
D:5:      layout_gridville, fedhas_ov_isle_minmay, okawaru_metal_pillars_3,
          worldfamousw_hep_ancestral_shrine, st_stairs_5, corner_web_ring,
          uniq_blork_the_orc, uniq_pikel
D:6:      layout_rooms, ashenzari_conservatory_becter, chei_slow_surprise,
          minmay_temple_entry_statues_pillars
D:7:      layout_layer_cave, uniq_joseph
D:8:      layout_loops_corners, nicolae_yredelemnul_corpse_copse, serial_shops,
          nicolae_shop_scrapyard, nicolae_lakefront_shop, serial_ice,
          serial_ice_g, serial_ice_e, serial_ice_c, serial_ice_o, serial_ice_m,
          serial_ice_b, nicolae_shop_i_like_small_books_too
D:9:      layout_roguey, serial_demonic, serial_demonic_a, serial_demonic_b,
          serial_demonic_e, serial_demonic_d
D:10:     lemuel_troll_bridge, layout_rooms, grunt_gozag_statues,
          nicolae_uskayaw_dance_studio, dpeg_lair_monsters, uniq_urug
Lair:1:   gammafunk_boulding_lane, layout_regular_city,
          nicolae_volcano_entry_batcave, serial_bayou, serial_bayou_pond_e,
          serial_bayou_pond_b, serial_bayou_shore_a, serial_bayou_pond_d,
          beast_lair_carwin_5

Skill      XL: |  1  2  3  4  5  6  7  8  9 10 11 12 |
---------------+-------------------------------------+-----
Fighting       | 4 5 6 7 9 11 12 13 | 13.8
Maces & Flails | 3 4 5 6 8 10 11 12 | 12.5
Armour         | 5 8 9 |  9.2
Shields        | 5 7 9 |  9.2

Action                     |  1- 3 |  4- 6 |  7- 9 | 10-12 || total
---------------------------+-------+-------+-------+-------++-------
  Melee: Flail             |    42 |       |   208 |   442 ||   692
         Mace              |    74 |   183 |    14 |       ||   271
         Unarmed           |       |       |     7 |       ||     7
         Eveningstar       |       |       |       |   150 ||   150
 Invoke: Berserk           |       |       |     2 |    11 ||    13
         Trog's Hand       |       |       |       |     2 ||     2
    Use: Scroll            |     7 |     5 |     2 |     7 ||    21
   Stab: Confused          |       |       |     1 |       ||     1
 Armour: Scale mail        |    58 |       |       |       ||    58
         Plate armour      |    20 |   114 |   206 |   392 ||   732
         Skin              |       |       |     1 |       ||     1
  Dodge: Dodged            |    77 |    47 |    98 |   171 ||   393
  Block: Buckler           |    26 |    35 |    48 |   160 ||   269
